Panthers vs Sharks
Created - March 1, 2022 at 21:14
Goals
|
| Panthers |
2 |
0 |
2 |
4 |
| Sharks |
0 |
1 |
1 |
2 |
|
Shots
|
| Panthers |
9 |
13 |
17 |
39 |
| Sharks |
7 |
11 |
7 |
25 |
|
1st period
1. Panthers , Dany Heatley 5 (Erik Gudbranson 19, Oscar Klefbom 18) at 10:08
2. Panthers , Dany Heatley 6 (Jake Gardiner 14, Danny DeKeiser 6) at 18:58
Penalties :
No Penalty
2nd period
3. Sharks , Karl Alzner 1 (Tyler Cuma 8, Bobby Butler 3) at 12:58
Penalties :
Brayden McNabb (S.J) for Cross-checking (Minor) at 7:34, Dany Heatley (Flo) for Tripping (Minor) at 14:19
3rd period
4. Sharks , Gilbert Brule 11 (Corey Perry 10, Drew Doughty 29) at 0:08
5. Panthers , Matt Duchene 22 (David Pastrnak 28) at 4:30
6. Panthers , Ryan O'Reilly 17 (Drew Stafford 6) at 6:26
Penalties :
Corey Perry (S.J) for Hooking (Minor) at 1:03, David Pastrnak (Flo) for High sticking (Minor) at 6:46
Goalie Stats
Petr Mrazek (Flo), 23 saves from 25 shots - (0.920), W, 19-6-4, 60:00 minutes
Ryan Miller (S.J), 35 saves from 39 shots - (0.897), L, 6-19-4, 60:00 minutes
Players Stats for Panthers
Player Name G A P +/- PIM S H SB GA TA FO MP PP MP PK MP
------------------------------------------------------------------------------------
Alex Galchenyuk 0 0 0 0 0 1 2 0 0 0 0/1 18:48 2:26 0:27
Danny DeKeiser 0 1 1 0 0 0 2 0 0 0 0/0 17:46 1:21 1:35
Dany Heatley 2 0 2 2 2 2 0 0 0 1 0/0 9:40 0:00 0:00
Daultan Leveillé 0 0 0 2 0 1 2 0 0 1 0/1 9:35 0:00 0:18
David Pastrnak 0 1 1 0 2 5 2 0 0 1 1/2 18:21 2:26 0:00
Drew Stafford 0 1 1 0 0 0 0 0 0 0 0/1 14:12 0:00 0:00
Erik Gudbranson 0 1 1 1 0 4 3 3 0 1 0/0 27:57 2:37 2:23
Jake Gardiner 0 1 1 0 0 4 4 2 0 0 0/0 21:35 1:21 2:23
Jonathan Sigalet 0 0 0 1 0 1 0 0 0 1 0/0 14:17 0:00 0:00
Josh Gorges 0 0 0 1 0 1 1 0 0 0 0/0 15:53 0:00 1:35
Luke Glendening 0 0 0 2 0 2 1 1 0 0 0/0 11:40 0:00 2:23
Matt Duchene 1 0 1 0 0 3 5 0 1 0 15/28 18:54 2:26 0:37
Max Reinhart 0 0 0 0 0 1 1 0 1 0 4/10 14:32 0:00 2:17
Nail Yakupov 0 0 0 0 0 1 1 0 1 1 0/1 13:51 1:32 0:00
Oscar Klefbom 0 1 1 1 0 2 2 0 0 0 0/0 22:32 2:37 0:00
Ryan O'Reilly 1 0 1 0 0 6 1 2 1 1 4/10 17:06 1:32 0:57
Sean Bergenheim 0 0 0 0 0 4 0 1 0 0 0/0 15:34 0:00 0:57
Tobias Rieder 0 0 0 0 0 1 2 0 0 0 0/0 13:47 1:32 0:00
Players Stats for Sharks
Player Name G A P +/- PIM S H SB GA TA FO MP PP MP PK MP
------------------------------------------------------------------------------------
Andrej Sekera 0 0 0 0 0 0 1 2 0 0 0/0 11:56 0:00 0:00
Bobby Butler 0 1 1 -1 0 0 0 1 2 0 0/1 15:19 0:10 0:00
Boone Jenner 0 0 0 0 0 3 1 0 1 0 2/5 15:22 0:11 0:25
Brandon Dubinsky 0 0 0 -1 0 0 0 1 1 0 6/9 17:59 1:32 1:16
Brayden McNabb 0 0 0 0 2 0 0 0 0 0 0/0 4:45 0:00 0:00
Corey Perry 0 1 1 -1 2 6 2 0 0 0 1/1 18:49 2:16 0:00
Dion Phaneuf 0 0 0 -2 0 0 0 2 0 0 0/0 23:36 1:47 2:37
Drew Doughty 0 1 1 -2 0 4 4 5 1 1 0/0 28:22 1:47 2:37
Gilbert Brule 1 0 1 -1 0 3 2 0 1 0 19/33 21:29 2:16 2:41
Jiri Tlusty 0 0 0 -1 0 2 3 0 0 0 0/1 17:40 1:41 0:56
Karl Alzner 1 0 1 0 0 2 3 1 0 0 0/0 19:42 2:11 1:21
Luke Adam 0 0 0 0 0 0 0 0 0 0 1/1 7:17 0:00 0:00
Milan Michalek 0 0 0 0 0 0 1 1 0 0 1/1 25:06 2:16 2:38
Nick Palmieri 0 0 0 -1 0 0 1 0 0 0 0/2 15:39 1:32 0:00
Oskar Osala 0 0 0 0 0 0 0 0 0 0 0/0 7:17 0:00 0:00
Steve Eminger 0 0 0 0 0 0 1 0 0 1 0/0 11:56 0:00 0:00
Tyler Cuma 0 1 1 0 0 3 0 2 1 1 0/0 19:42 2:11 1:21
Zach Boychuk 0 0 0 0 0 2 1 0 0 1 0/0 14:04 0:00 0:00
3 Stars
1 - Dany Heatley (Flo)
2 - Matt Duchene (Flo)
3 - Erik Gudbranson (Flo)
Power Play
Panthers - 0 on 2 Attempt(s) - 0.00%
Sharks - 0 on 2 Attempt(s) - 0.00%
Penalty Kill
Panthers - 2 on 2 Attempt(s) - 100.00%
- Score 0 goal in Penalty Kill
Sharks - 2 on 2 Attempt(s) - 100.00%
- Score 0 goal in Penalty Kill
Team Stat
Panthers - Hits : 29 - Faceoff Wins : 24 - Blocked Shots : 9 - Penalty Minutes : 4
Sharks - Hits : 20 - Faceoff Wins : 30 - Blocked Shots : 15 - Penalty Minutes : 4
Official
Referees : Reid Anderson and Peter MacDougall
Linesman : Michel Cormier and Travis Toomey
Game Notes
No Game Note
Finance
Level 1 -- Attendance: 6000 (100.00%) -- Ticket Income $600,000
Level 2 -- Attendance: 4877 (97.54%) -- Ticket Income $292,620
Level 3 -- Attendance: 1940 (97.00%) -- Ticket Income $67,900
Level 4 -- Attendance: 3726 (93.15%) -- Ticket Income $93,150
Luxury Box -- Attendance: 973 (97.30%) -- Ticket Income $194,600
Game was played at the SAP Center.
Total Attendance: 17516 (97.31%)
Total Ticket Income: $1,248,270
Other Income: $187,240
Total Income: $1,435,510
Panthers
5 vs 5 Forward
Center Left Wing Right Wing Time % Phy DF OF
1 Matt Duchene Alex Galchenyuk David Pastrnak 40 0 2 3
2 Ryan O'Reilly Sean Bergenheim Drew Stafford 30 0 2 3
3 Max Reinhart Tobias Rieder Nail Yakupov 20 0 2 3
4 Daultan Leveillé Dany Heatley Luke Glendening 10 1 2 2
5 vs 5 Defense
Defense Defense Time % Phy DF OF
1 Erik Gudbranson Oscar Klefbom 40 0 2 3
2 Jake Gardiner Danny DeKeiser 30 0 2 3
3 Jonathan Sigalet Josh Gorges 20 1 2 2
4 Erik Gudbranson Jake Gardiner 10 1 2 2
PowerPlay Forward
Center Left Wing Right Wing Time % Phy DF OF
1 Matt Duchene Alex Galchenyuk David Pastrnak 60 0 1 4
2 Ryan O'Reilly Tobias Rieder Nail Yakupov 40 0 1 4
PowerPlay Defense
Defense Defense Time % Phy DF OF
1 Erik Gudbranson Oscar Klefbom 60 0 2 3
2 Jake Gardiner Danny DeKeiser 40 0 2 3
Penalty Kill 4 Players Forward
Center Wing Time % Phy DF OF
1 Max Reinhart Luke Glendening 60 0 4 1
2 Ryan O'Reilly Sean Bergenheim 40 0 4 1
Penalty Kill 4 Players Defense
Defense Defense Time % Phy DF OF
1 Erik Gudbranson Jake Gardiner 60 1 4 0
2 Danny DeKeiser Josh Gorges 40 1 4 0
Penalty Kill - 3 Players Forward
Forward Time % Phy DF OF
1 Luke Glendening 60 0 4 1
2 Sean Bergenheim 40 0 4 1
Penalty Kill - 3 Players Defense
Defense Defense Time % Phy DF OF
1 Erik Gudbranson Jake Gardiner 60 1 4 0
2 Danny DeKeiser Josh Gorges 40 1 4 0
4 vs 4 Forward
Center Wing Time % Phy DF OF
1 Matt Duchene Alex Galchenyuk 60 1 2 2
2 Ryan O'Reilly David Pastrnak 40 1 2 2
4 vs 4 Defense
Defense Defense Time % Phy DF OF
1 Erik Gudbranson Oscar Klefbom 60 1 2 2
2 Jake Gardiner Danny DeKeiser 40 1 2 2
Last Minutes Offensive
Center Left Wing Right Wing Defense Defense
Matt Duchene Sean Bergenheim David Pastrnak Erik Gudbranson Jake Gardiner
Last Minutes Defensive
Center Left Wing Right Wing Defense Defense
Max Reinhart Sean Bergenheim Luke Glendening Erik Gudbranson Danny DeKeiser
Goaltenders
Starting : Petr Mrazek
Backup : Tyler Weiman
Extra Forwards
Normal : Ryan O'Reilly, Alex Galchenyuk, David Pastrnak - PP : Ryan O'Reilly, Matt Duchene - PK : Matt Duchene
Extra Defensemen
Normal : Jake Gardiner, Erik Gudbranson, Oscar Klefbom - PP : Jonathan Sigalet - PK : Danny DeKeiser, Erik Gudbranson
Penalty Shots
Alex Galchenyuk, David Pastrnak, Ryan O'Reilly, Drew Stafford, Matt Duchene
Scratches
None
Sharks
5 vs 5 Forward
Center Left Wing Right Wing Time % Phy DF OF
1 Gilbert Brule Milan Michalek Corey Perry 40 1 2 2
2 Brandon Dubinsky Jiri Tlusty Nick Palmieri 30 1 2 2
3 Boone Jenner Zach Boychuk Bobby Butler 20 1 2 2
4 Luke Adam Milan Michalek Oskar Osala 10 1 2 2
5 vs 5 Defense
Defense Defense Time % Phy DF OF
1 Drew Doughty Dion Phaneuf 40 1 2 2
2 Tyler Cuma Karl Alzner 30 1 2 2
3 Andrej Sekera Steve Eminger 20 1 2 2
4 Brayden McNabb Drew Doughty 10 1 2 2
PowerPlay Forward
Center Left Wing Right Wing Time % Phy DF OF
1 Gilbert Brule Milan Michalek Corey Perry 60 1 1 3
2 Brandon Dubinsky Jiri Tlusty Nick Palmieri 40 1 1 3
PowerPlay Defense
Defense Defense Time % Phy DF OF
1 Drew Doughty Dion Phaneuf 60 1 1 3
2 Tyler Cuma Karl Alzner 40 1 1 3
Penalty Kill 4 Players Forward
Center Wing Time % Phy DF OF
1 Gilbert Brule Milan Michalek 60 2 3 0
2 Brandon Dubinsky Jiri Tlusty 40 2 3 0
Penalty Kill 4 Players Defense
Defense Defense Time % Phy DF OF
1 Drew Doughty Dion Phaneuf 60 2 3 0
2 Tyler Cuma Karl Alzner 40 2 3 0
Penalty Kill - 3 Players Forward
Forward Time % Phy DF OF
1 Gilbert Brule 60 1 4 0
2 Brandon Dubinsky 40 1 4 0
Penalty Kill - 3 Players Defense
Defense Defense Time % Phy DF OF
1 Drew Doughty Dion Phaneuf 60 1 4 0
2 Tyler Cuma Karl Alzner 40 1 4 0
4 vs 4 Forward
Center Wing Time % Phy DF OF
1 Gilbert Brule Milan Michalek 60 1 2 2
2 Brandon Dubinsky Jiri Tlusty 40 1 2 2
4 vs 4 Defense
Defense Defense Time % Phy DF OF
1 Drew Doughty Dion Phaneuf 60 1 2 2
2 Tyler Cuma Karl Alzner 40 1 2 2
Last Minutes Offensive
Center Left Wing Right Wing Defense Defense
Gilbert Brule Milan Michalek Corey Perry Drew Doughty Dion Phaneuf
Last Minutes Defensive
Center Left Wing Right Wing Defense Defense
Gilbert Brule Milan Michalek Corey Perry Drew Doughty Dion Phaneuf
Goaltenders
Starting : Ryan Miller
Backup : Anders Lindback
Extra Forwards
Normal : Brandon Dubinsky, Boone Jenner, Bobby Butler - PP : Brandon Dubinsky, Boone Jenner - PK : Brandon Dubinsky
Extra Defensemen
Normal : Andrej Sekera, Steve Eminger, Brayden McNabb - PP : Andrej Sekera - PK : Andrej Sekera, Steve Eminger
Penalty Shots
Corey Perry, Gilbert Brule, Nick Palmieri, Milan Michalek, Brandon Dubinsky
Scratches
David Booth (Healthy), Keith Kinkaid (Healthy)
% Time on Ice - Panthers
Lines # - Real PCT - Wanted PCT - Time Play
Normal Forward
1 - 30% - 40% - 15:52
2 - 28% - 30% - 14:41
3 - 24% - 20% - 12:15
4 - 18% - 10% - 9:16
Normal Defense
1 - 40% - 40% - 20:41
2 - 28% - 30% - 14:50
3 - 27% - 20% - 14:17
4 - 4% - 10% - 2:16
PP Forward
1 - 61% - 60% - 2:26
2 - 39% - 40% - 1:32
PP Defense
1 - 66% - 60% - 2:37
2 - 34% - 40% - 1:21
PK Forward
1 - 76% - 60% - 3:01
2 - 24% - 40% - 0:57
PK Defense
1 - 60% - 60% - 2:23
2 - 40% - 40% - 1:35
PK3 Forward
1 - 0% - 60%
2 - 0% - 40%
PK3 Defense
1 - 0% - 60%
2 - 0% - 40%
44 Forward
1 - 0% - 60%
2 - 0% - 40%
44 Defense
1 - 0% - 60%
2 - 0% - 40%
Last Minute Offensive - 0:00
Last Minute Defensive - 0:00
Total
Forward - 60:00
Defense - 60:00
|
% Time on Ice - Sharks
Lines # - Real PCT - Wanted PCT - Time Play
Normal Forward
1 - 32% - 40% - 16:44
2 - 27% - 30% - 14:13
3 - 27% - 20% - 13:50
4 - 14% - 10% - 7:17
Normal Defense
1 - 37% - 40% - 19:12
2 - 31% - 30% - 16:10
3 - 23% - 20% - 11:56
4 - 9% - 10% - 4:46
PP Forward
1 - 57% - 60% - 2:16
2 - 43% - 40% - 1:42
PP Defense
1 - 45% - 60% - 1:47
2 - 55% - 40% - 2:11
PK Forward
1 - 85% - 60% - 3:23
2 - 15% - 40% - 0:35
PK Defense
1 - 66% - 60% - 2:37
2 - 34% - 40% - 1:21
PK3 Forward
1 - 0% - 60%
2 - 0% - 40%
PK3 Defense
1 - 0% - 60%
2 - 0% - 40%
44 Forward
1 - 0% - 60%
2 - 0% - 40%
44 Defense
1 - 0% - 60%
2 - 0% - 40%
Last Minute Offensive - 0:00
Last Minute Defensive - 0:00
Total
Forward - 60:00
Defense - 60:00
|
Play-by-Play
1st period
0:01 of 1st period - Gilbert Brule wins face-off versus Matt Duchene in neutral zone.
0:36 of 1st period - Wrist shot by Ryan O'Reilly.
0:36 of 1st period - Shot Misses the Net.
0:50 of 1st period - Backhand shot by Jake Gardiner.
0:50 of 1st period - Shot Blocked by Dion Phaneuf.
1:35 of 1st period - Slapshot by Jiri Tlusty.
1:35 of 1st period - Shot Misses the Net.
1:41 of 1st period - Snap shot by David Pastrnak.
1:41 of 1st period - Stopped by Ryan Miller with a rebound.
1:57 of 1st period - Wrist shot by Boone Jenner.
1:57 of 1st period - Stopped by Petr Mrazek with a rebound.
2:31 of 1st period - Andrej Sekera is hit by Erik Gudbranson and loses puck.
2:40 of 1st period - Wrist shot by Dany Heatley.
2:40 of 1st period - Deflect By Daultan Leveillé.
2:40 of 1st period - Shot Blocked by Andrej Sekera.
2:40 of 1st period - Puck is out of play.
2:41 of 1st period - Brandon Dubinsky wins face-off versus Matt Duchene in Sharks zone.
3:50 of 1st period - Dion Phaneuf is hit by Erik Gudbranson and loses puck.
4:09 of 1st period - Slapshot by Drew Doughty.
4:09 of 1st period - Shot Hit the Post.
4:11 of 1st period - Wrist shot by Boone Jenner.
4:11 of 1st period - Stopped by Petr Mrazek with a rebound.
4:33 of 1st period - Daultan Leveillé is hit by Drew Doughty and loses puck.
5:18 of 1st period - Wrist shot by Bobby Butler.
5:18 of 1st period - Shot Misses the Net.
5:20 of 1st period - Slapshot by Tyler Cuma.
5:20 of 1st period - Shot Misses the Net.
7:07 of 1st period - Snap shot by Luke Glendening.
7:07 of 1st period - Stopped by Ryan Miller without a rebound.
7:08 of 1st period - Matt Duchene wins face-off versus Boone Jenner in Sharks zone.
7:17 of 1st period - David Pastrnak is hit by Karl Alzner and loses puck.
7:56 of 1st period - Andrej Sekera is hit by Josh Gorges and loses puck.
8:34 of 1st period - Brandon Dubinsky is hit by Daultan Leveillé and loses puck.
9:00 of 1st period - Gilbert Brule is hit by Jake Gardiner.
9:12 of 1st period - Snap shot by Alex Galchenyuk.
9:12 of 1st period - Shot Misses the Net.
10:08 of 1st period - Wrist shot by Dany Heatley.
10:08 of 1st period - Goal by Dany Heatley - Panthers : 1 - Sharks : 0.
10:09 of 1st period - Matt Duchene wins face-off versus Gilbert Brule in neutral zone.
10:28 of 1st period - Brayden McNabb is hit by Matt Duchene and loses puck.
10:45 of 1st period - Slapshot by Nick Palmieri.
10:45 of 1st period - Shot Blocked by Sean Bergenheim.
10:47 of 1st period - Slapshot by Drew Doughty.
10:47 of 1st period - Stopped by Petr Mrazek with a rebound.
10:49 of 1st period - Snap shot by Jiri Tlusty.
10:49 of 1st period - Stopped by Petr Mrazek with a rebound.
10:51 of 1st period - Wrist shot by Nick Palmieri.
10:51 of 1st period - Shot Misses the Net.
10:53 of 1st period - Slapshot by Brandon Dubinsky.
10:53 of 1st period - Shot Misses the Net.
11:03 of 1st period - Sean Bergenheim is hit by Boone Jenner.
11:43 of 1st period - Tyler Cuma is hit by Jake Gardiner and loses puck.
11:52 of 1st period - Backhand shot by David Pastrnak.
11:52 of 1st period - Shot Blocked by Milan Michalek.
11:54 of 1st period - Slapshot by Erik Gudbranson.
11:54 of 1st period - Stopped by Ryan Miller with a rebound.
12:04 of 1st period - Erik Gudbranson is hit by Jiri Tlusty and loses puck.
12:31 of 1st period - Snap shot by Tobias Rieder.
12:31 of 1st period - Deflect By Max Reinhart.
12:31 of 1st period - Shot Blocked by Bobby Butler.
12:31 of 1st period - Puck is out of play.
12:32 of 1st period - Boone Jenner wins face-off versus Max Reinhart in Sharks zone.
12:51 of 1st period - Slapshot by Drew Doughty.
12:51 of 1st period - Shot Misses the Net.
12:53 of 1st period - Snap shot by Boone Jenner.
12:53 of 1st period - Shot Blocked by Erik Gudbranson.
13:03 of 1st period - Snap shot by Max Reinhart.
13:03 of 1st period - Shot Blocked by Andrej Sekera.
13:17 of 1st period - Wrist shot by Zach Boychuk.
13:17 of 1st period - Shot Misses the Net.
13:39 of 1st period - Snap shot by Drew Doughty.
13:39 of 1st period - Stopped by Petr Mrazek without a rebound.
13:40 of 1st period - Matt Duchene wins face-off versus Gilbert Brule in Panthers zone.
13:40 of 1st period - Matt Duchene is hit by Milan Michalek.
14:52 of 1st period - Wrist shot by Matt Duchene.
14:52 of 1st period - Stopped by Ryan Miller without a rebound.
14:53 of 1st period - Matt Duchene wins face-off versus Gilbert Brule in Sharks zone.
14:54 of 1st period - Wrist shot by David Pastrnak.
14:54 of 1st period - Shot Blocked by Dion Phaneuf.
15:18 of 1st period - Backhand shot by Sean Bergenheim.
15:18 of 1st period - Stopped by Ryan Miller without a rebound.
15:19 of 1st period - Brandon Dubinsky wins face-off versus Matt Duchene in Sharks zone.
15:28 of 1st period - Snap shot by Alex Galchenyuk.
15:28 of 1st period - Shot Misses the Net.
15:30 of 1st period - Snap shot by Alex Galchenyuk.
15:30 of 1st period - Shot Misses the Net.
15:32 of 1st period - Wrist shot by David Pastrnak.
15:32 of 1st period - Shot Misses the Net.
16:30 of 1st period - Icing by Jake Gardiner.
16:31 of 1st period - Max Reinhart wins face-off versus Nick Palmieri in Panthers zone.
16:36 of 1st period - Slapshot by Jake Gardiner.
16:36 of 1st period - Stopped by Ryan Miller without a rebound.
16:37 of 1st period - Matt Duchene wins face-off versus Brandon Dubinsky in Sharks zone.
17:32 of 1st period - Snap shot by Bobby Butler.
17:32 of 1st period - Shot Misses the Net.
17:36 of 1st period - Snap shot by Boone Jenner.
17:36 of 1st period - Shot Hit the Post.
17:38 of 1st period - Slapshot by Drew Doughty.
17:38 of 1st period - Shot Blocked by Erik Gudbranson.
17:58 of 1st period - Slapshot by David Pastrnak.
17:58 of 1st period - Deflect By Matt Duchene.
17:58 of 1st period - Shot Misses the Net.
17:58 of 1st period - Puck is out of play.
17:59 of 1st period - Brandon Dubinsky wins face-off versus Drew Stafford in Sharks zone.
18:06 of 1st period - Jake Gardiner is hit by Nick Palmieri and loses puck.
18:13 of 1st period - Snap shot by Jake Gardiner.
18:13 of 1st period - Stopped by Ryan Miller with a rebound.
18:15 of 1st period - Slapshot by Danny DeKeiser.
18:15 of 1st period - Shot Blocked by Brandon Dubinsky.
18:25 of 1st period - Alex Galchenyuk is hit by Corey Perry and loses puck.
18:34 of 1st period - Wrist shot by Gilbert Brule.
18:34 of 1st period - Stopped by Petr Mrazek with a rebound.
18:36 of 1st period - Slapshot by Drew Doughty.
18:36 of 1st period - Stopped by Petr Mrazek with a rebound.
18:56 of 1st period - Slapshot by Jake Gardiner.
18:56 of 1st period - Shot Misses the Net.
18:58 of 1st period - Snap shot by Dany Heatley.
18:58 of 1st period - Goal by Dany Heatley - Panthers : 2 - Sharks : 0.
18:59 of 1st period - Gilbert Brule wins face-off versus Alex Galchenyuk in neutral zone.
Goals for this period are 2 for Panthers vs 0 for Sharks.
Shots for this period are 9 for Panthers vs 7 for Sharks.
2nd period
0:01 of 2nd period - Matt Duchene wins face-off versus Gilbert Brule in neutral zone.
0:15 of 2nd period - Icing by Drew Doughty.
0:16 of 2nd period - Gilbert Brule wins face-off versus Ryan O'Reilly in Sharks zone.
0:43 of 2nd period - Brandon Dubinsky is hit by Matt Duchene and loses puck.
1:04 of 2nd period - Wrist shot by Boone Jenner.
1:04 of 2nd period - Stopped by Petr Mrazek with a rebound.
1:06 of 2nd period - Wrist shot by Zach Boychuk.
1:06 of 2nd period - Shot Misses the Net.
1:26 of 2nd period - Daultan Leveillé is hit by Karl Alzner and loses puck.
1:30 of 2nd period - Icing by Luke Glendening.
1:31 of 2nd period - Gilbert Brule wins face-off versus Daultan Leveillé in Panthers zone.
1:44 of 2nd period - Snap shot by Dany Heatley.
1:44 of 2nd period - Shot Blocked by Drew Doughty.
2:41 of 2nd period - Snap shot by Daultan Leveillé.
2:41 of 2nd period - Stopped by Ryan Miller with a rebound.
2:43 of 2nd period - Wrist shot by Luke Glendening.
2:43 of 2nd period - Shot Misses the Net.
2:45 of 2nd period - Wrist shot by Luke Glendening.
2:45 of 2nd period - Shot Blocked by Drew Doughty.
2:47 of 2nd period - Slapshot by Jonathan Sigalet.
2:47 of 2nd period - Shot Misses the Net.
2:49 of 2nd period - Snap shot by Josh Gorges.
2:49 of 2nd period - Deflect By Gilbert Brule.
2:49 of 2nd period - Stopped by Ryan Miller with a rebound.
3:17 of 2nd period - Wrist shot by Daultan Leveillé.
3:17 of 2nd period - Shot Misses the Net.
3:19 of 2nd period - Slapshot by Jonathan Sigalet.
3:19 of 2nd period - Stopped by Ryan Miller without a rebound.
3:20 of 2nd period - Matt Duchene wins face-off versus Brandon Dubinsky in Sharks zone.
3:21 of 2nd period - Snap shot by David Pastrnak.
3:21 of 2nd period - Stopped by Ryan Miller with a rebound.
3:37 of 2nd period - Snap shot by Brandon Dubinsky.
3:37 of 2nd period - Shot Misses the Net.
3:59 of 2nd period - Wrist shot by Ryan O'Reilly.
3:59 of 2nd period - Shot Blocked by Tyler Cuma.
4:01 of 2nd period - Snap shot by Ryan O'Reilly.
4:01 of 2nd period - Stopped by Ryan Miller with a rebound.
4:22 of 2nd period - Tobias Rieder is hit by Jiri Tlusty and loses puck.
4:35 of 2nd period - Alex Galchenyuk is hit by Andrej Sekera and loses puck.
4:41 of 2nd period - Off-side.
4:42 of 2nd period - Luke Adam wins face-off versus Ryan O'Reilly in neutral zone.
4:54 of 2nd period - Slapshot by Erik Gudbranson.
4:54 of 2nd period - Stopped by Ryan Miller with a rebound.
5:08 of 2nd period - Steve Eminger is hit by Danny DeKeiser and loses puck.
5:25 of 2nd period - Oscar Klefbom is hit by Zach Boychuk and loses puck.
5:36 of 2nd period - Drew Doughty is hit by Tobias Rieder and loses puck.
7:14 of 2nd period - Bobby Butler is hit by Daultan Leveillé and loses puck.
7:34 of 2nd period - Minor Penalty to Brayden McNabb for Cross-checking.
7:35 of 2nd period - Gilbert Brule wins face-off versus Matt Duchene in Sharks zone.
7:35 of 2nd period - Gilbert Brule is hit by Matt Duchene.
7:50 of 2nd period - Wrist shot by David Pastrnak.
7:50 of 2nd period - Stopped by Ryan Miller without a rebound.
7:51 of 2nd period - Gilbert Brule wins face-off versus Matt Duchene in Sharks zone.
8:35 of 2nd period - Icing by Erik Gudbranson.
8:36 of 2nd period - Matt Duchene wins face-off versus Brandon Dubinsky in Panthers zone.
8:43 of 2nd period - Slapshot by Oscar Klefbom.
8:43 of 2nd period - Shot Blocked by Drew Doughty.
8:59 of 2nd period - Brandon Dubinsky is hit by David Pastrnak and loses puck.
9:34 of 2nd period - Penalty to Brayden McNabb is over, Brayden McNabb is back on ice.
9:52 of 2nd period - Snap shot by Luke Glendening.
9:52 of 2nd period - Stopped by Ryan Miller without a rebound.
9:53 of 2nd period - Brandon Dubinsky wins face-off versus Ryan O'Reilly in Sharks zone.
9:58 of 2nd period - Snap shot by Brandon Dubinsky.
9:58 of 2nd period - Shot Misses the Net.
10:20 of 2nd period - Gilbert Brule is hit by Max Reinhart and loses puck.
10:25 of 2nd period - Snap shot by Max Reinhart.
10:25 of 2nd period - Deflect By Tobias Rieder.
10:25 of 2nd period - Shot Blocked by Karl Alzner.
10:25 of 2nd period - Puck is out of play.
10:26 of 2nd period - Gilbert Brule wins face-off versus Max Reinhart in Sharks zone.
10:33 of 2nd period - Max Reinhart is hit by Gilbert Brule and loses puck.
10:41 of 2nd period - Snap shot by Erik Gudbranson.
10:41 of 2nd period - Deflect By Tobias Rieder.
10:41 of 2nd period - Shot Blocked by Drew Doughty.
10:41 of 2nd period - Puck is out of play.
10:42 of 2nd period - Matt Duchene wins face-off versus Nick Palmieri in Sharks zone.
10:52 of 2nd period - Slapshot by Oscar Klefbom.
10:52 of 2nd period - Stopped by Ryan Miller without a rebound.
10:53 of 2nd period - Matt Duchene wins face-off versus Gilbert Brule in Sharks zone.
11:08 of 2nd period - Wrist shot by Corey Perry.
11:08 of 2nd period - Deflect By Danny DeKeiser.
11:08 of 2nd period - Stopped by Petr Mrazek without a rebound.
11:09 of 2nd period - Ryan O'Reilly wins face-off versus Jiri Tlusty in Panthers zone.
11:40 of 2nd period - Snap shot by Corey Perry.
11:40 of 2nd period - Stopped by Petr Mrazek with a rebound.
11:42 of 2nd period - Wrist shot by Milan Michalek.
11:42 of 2nd period - Shot Blocked by Erik Gudbranson.
11:44 of 2nd period - Wrist shot by Corey Perry.
11:44 of 2nd period - Stopped by Petr Mrazek with a rebound.
11:46 of 2nd period - Wrist shot by Gilbert Brule.
11:46 of 2nd period - Shot Misses the Net.
12:24 of 2nd period - Snap shot by Sean Bergenheim.
12:24 of 2nd period - Stopped by Ryan Miller with a rebound.
12:44 of 2nd period - Slapshot by Tyler Cuma.
12:44 of 2nd period - Shot Blocked by Ryan O'Reilly.
12:46 of 2nd period - Slapshot by Zach Boychuk.
12:46 of 2nd period - Stopped by Petr Mrazek with a rebound.
12:50 of 2nd period - Wrist shot by Bobby Butler.
12:50 of 2nd period - Shot Blocked by Jake Gardiner.
12:52 of 2nd period - Slapshot by Tyler Cuma.
12:52 of 2nd period - Stopped by Petr Mrazek with a rebound.
12:54 of 2nd period - Slapshot by Tyler Cuma.
12:54 of 2nd period - Stopped by Petr Mrazek with a rebound.
12:56 of 2nd period - Slapshot by Tyler Cuma.
12:56 of 2nd period - Shot Misses the Net.
12:58 of 2nd period - Snap shot by Karl Alzner.
12:58 of 2nd period - Goal by Karl Alzner - Panthers : 2 - Sharks : 1.
12:59 of 2nd period - David Pastrnak wins face-off versus Gilbert Brule in neutral zone.
14:11 of 2nd period - Wrist shot by Bobby Butler.
14:11 of 2nd period - Shot Misses the Net.
14:19 of 2nd period - Minor Penalty to Dany Heatley for Tripping.
14:20 of 2nd period - Gilbert Brule wins face-off versus Max Reinhart in Panthers zone.
14:25 of 2nd period - Slapshot by Corey Perry.
14:25 of 2nd period - Stopped by Petr Mrazek without a rebound.
14:26 of 2nd period - Max Reinhart wins face-off versus Gilbert Brule in Panthers zone.
16:13 of 2nd period - Snap shot by Ryan O'Reilly.
16:13 of 2nd period - Stopped by Ryan Miller without a rebound.
16:14 of 2nd period - Ryan O'Reilly wins face-off versus Boone Jenner in Sharks zone.
16:19 of 2nd period - Penalty to Dany Heatley is over, Dany Heatley is back on ice.
17:38 of 2nd period - Snap shot by Max Reinhart.
17:38 of 2nd period - Shot Misses the Net.
17:40 of 2nd period - Snap shot by Tobias Rieder.
17:40 of 2nd period - Stopped by Ryan Miller with a rebound.
18:06 of 2nd period - Milan Michalek is hit by Alex Galchenyuk and loses puck.
18:35 of 2nd period - Icing by Brandon Dubinsky.
18:36 of 2nd period - Brandon Dubinsky wins face-off versus Nail Yakupov in Sharks zone.
19:19 of 2nd period - Snap shot by Tyler Cuma.
19:19 of 2nd period - Stopped by Petr Mrazek with a rebound.
19:21 of 2nd period - Snap shot by Karl Alzner.
19:21 of 2nd period - Deflect By Jiri Tlusty.
19:21 of 2nd period - Stopped by Petr Mrazek without a rebound.
19:22 of 2nd period - Gilbert Brule wins face-off versus Matt Duchene in Panthers zone.
19:53 of 2nd period - Slapshot by Jonathan Sigalet.
19:53 of 2nd period - Shot Misses the Net.
19:55 of 2nd period - Snap shot by Sean Bergenheim.
19:55 of 2nd period - Stopped by Ryan Miller without a rebound.
19:56 of 2nd period - Ryan O'Reilly wins face-off versus Boone Jenner in Sharks zone.
Goals for this period are 0 for Panthers vs 1 for Sharks.
Shots for this period are 13 for Panthers vs 11 for Sharks.
3rd period
0:01 of 3rd period - Gilbert Brule wins face-off versus Matt Duchene in neutral zone.
0:08 of 3rd period - Slapshot by Gilbert Brule.
0:08 of 3rd period - Goal by Gilbert Brule - Panthers : 2 - Sharks : 2.
0:09 of 3rd period - Gilbert Brule wins face-off versus Matt Duchene in neutral zone.
0:20 of 3rd period - Wrist shot by David Pastrnak.
0:20 of 3rd period - Shot Misses the Net.
0:22 of 3rd period - Snap shot by Jake Gardiner.
0:22 of 3rd period - Stopped by Ryan Miller without a rebound.
0:23 of 3rd period - Corey Perry wins face-off versus Matt Duchene in Sharks zone.
0:23 of 3rd period - Corey Perry is hit by Matt Duchene.
0:37 of 3rd period - Snap shot by Gilbert Brule.
0:37 of 3rd period - Deflect By Milan Michalek.
0:37 of 3rd period - Shot Misses the Net.
0:37 of 3rd period - Puck is out of play.
0:38 of 3rd period - Matt Duchene wins face-off versus Gilbert Brule in Panthers zone.
0:45 of 3rd period - Wrist shot by David Pastrnak.
0:45 of 3rd period - Stopped by Ryan Miller without a rebound.
0:46 of 3rd period - Matt Duchene wins face-off versus Gilbert Brule in Sharks zone.
0:55 of 3rd period - Backhand shot by Alex Galchenyuk.
0:55 of 3rd period - Stopped by Ryan Miller without a rebound.
0:56 of 3rd period - Matt Duchene wins face-off versus Gilbert Brule in Sharks zone.
1:01 of 3rd period - Backhand shot by David Pastrnak.
1:01 of 3rd period - Stopped by Ryan Miller with a rebound.
1:03 of 3rd period - Minor Penalty to Corey Perry for Hooking.
1:04 of 3rd period - Gilbert Brule wins face-off versus David Pastrnak in Sharks zone.
1:04 of 3rd period - Gilbert Brule is hit by David Pastrnak.
1:13 of 3rd period - Off-side.
1:14 of 3rd period - Gilbert Brule wins face-off versus Matt Duchene in neutral zone.
1:33 of 3rd period - Wrist shot by Alex Galchenyuk.
1:33 of 3rd period - Shot Misses the Net.
1:35 of 3rd period - Slapshot by Erik Gudbranson.
1:35 of 3rd period - Stopped by Ryan Miller with a rebound.
1:37 of 3rd period - Snap shot by Oscar Klefbom.
1:37 of 3rd period - Stopped by Ryan Miller without a rebound.
1:38 of 3rd period - Gilbert Brule wins face-off versus Ryan O'Reilly in Sharks zone.
1:38 of 3rd period - Gilbert Brule is hit by Tobias Rieder.
1:43 of 3rd period - Drew Doughty is hit by Oscar Klefbom and loses puck.
2:43 of 3rd period - Milan Michalek is hit by Danny DeKeiser and loses puck.
3:03 of 3rd period - Penalty to Corey Perry is over, Corey Perry is back on ice.
3:53 of 3rd period - Oskar Osala is hit by Nail Yakupov and loses puck.
4:20 of 3rd period - Snap shot by Corey Perry.
4:20 of 3rd period - Stopped by Petr Mrazek with a rebound.
4:22 of 3rd period - Snap shot by Bobby Butler.
4:22 of 3rd period - Deflect By Corey Perry.
4:22 of 3rd period - Shot Blocked by Jake Gardiner.
4:22 of 3rd period - Puck is out of play.
4:23 of 3rd period - Matt Duchene wins face-off versus Bobby Butler in Panthers zone.
4:30 of 3rd period - Snap shot by Matt Duchene.
4:30 of 3rd period - Goal by Matt Duchene - Panthers : 3 - Sharks : 2.
4:31 of 3rd period - Gilbert Brule wins face-off versus Matt Duchene in neutral zone.
4:36 of 3rd period - Slapshot by Drew Doughty.
4:36 of 3rd period - Shot Misses the Net.
5:50 of 3rd period - Slapshot by Luke Adam.
5:50 of 3rd period - Shot Misses the Net.
6:10 of 3rd period - Snap shot by Alex Galchenyuk.
6:10 of 3rd period - Shot Misses the Net.
6:24 of 3rd period - Wrist shot by Ryan O'Reilly.
6:24 of 3rd period - Stopped by Ryan Miller with a rebound.
6:26 of 3rd period - Snap shot by Ryan O'Reilly.
6:26 of 3rd period - Goal by Ryan O'Reilly - Panthers : 4 - Sharks : 2.
6:27 of 3rd period - Matt Duchene wins face-off versus Gilbert Brule in neutral zone.
6:44 of 3rd period - Slapshot by Drew Doughty.
6:44 of 3rd period - Deflect By David Pastrnak.
6:44 of 3rd period - Stopped by Petr Mrazek with a rebound.
6:46 of 3rd period - Minor Penalty to David Pastrnak for High sticking.
6:47 of 3rd period - Max Reinhart wins face-off versus Gilbert Brule in Panthers zone.
6:47 of 3rd period - Max Reinhart is hit by Gilbert Brule.
7:01 of 3rd period - Slapshot by Erik Gudbranson.
7:01 of 3rd period - Stopped by Ryan Miller without a rebound.
7:02 of 3rd period - Gilbert Brule wins face-off versus Max Reinhart in Sharks zone.
7:29 of 3rd period - Luke Glendening is hit by Jiri Tlusty and loses puck.
7:34 of 3rd period - Snap shot by Nick Palmieri.
7:34 of 3rd period - Shot Blocked by Luke Glendening.
7:54 of 3rd period - Milan Michalek is hit by Ryan O'Reilly and loses puck.
8:17 of 3rd period - Gilbert Brule is hit by Jake Gardiner and loses puck.
8:46 of 3rd period - Penalty to David Pastrnak is over, David Pastrnak is back on ice.
9:22 of 3rd period - Ryan O'Reilly is hit by Karl Alzner.
9:34 of 3rd period - Tyler Cuma is hit by Erik Gudbranson and loses puck.
10:25 of 3rd period - Oskar Osala is hit by Jake Gardiner and loses puck.
10:52 of 3rd period - Tobias Rieder is hit by Drew Doughty and loses puck.
11:34 of 3rd period - Slapshot by Sean Bergenheim.
11:34 of 3rd period - Shot Blocked by Tyler Cuma.
13:18 of 3rd period - Jonathan Sigalet is hit by Drew Doughty and loses puck.
13:37 of 3rd period - Snap shot by Sean Bergenheim.
13:37 of 3rd period - Stopped by Ryan Miller with a rebound.
13:39 of 3rd period - Slapshot by Josh Gorges.
13:39 of 3rd period - Shot Blocked by Drew Doughty.
13:41 of 3rd period - Snap shot by Josh Gorges.
13:41 of 3rd period - Shot Misses the Net.
14:04 of 3rd period - Luke Glendening is hit by Steve Eminger and loses puck.
14:11 of 3rd period - Luke Adam is hit by Oscar Klefbom and loses puck.
14:38 of 3rd period - Slapshot by Max Reinhart.
14:38 of 3rd period - Stopped by Ryan Miller without a rebound.
14:39 of 3rd period - Gilbert Brule wins face-off versus Max Reinhart in Sharks zone.
15:23 of 3rd period - Danny DeKeiser is hit by Drew Doughty and loses puck.
15:42 of 3rd period - Nick Palmieri is hit by Luke Glendening and loses puck.
16:21 of 3rd period - Wrist shot by Matt Duchene.
16:21 of 3rd period - Stopped by Ryan Miller without a rebound.
16:22 of 3rd period - Gilbert Brule wins face-off versus Matt Duchene in Sharks zone.
16:22 of 3rd period - Gilbert Brule is hit by Matt Duchene.
16:50 of 3rd period - Icing by Sean Bergenheim.
16:51 of 3rd period - Milan Michalek wins face-off versus Ryan O'Reilly in Panthers zone.
17:02 of 3rd period - Snap shot by Corey Perry.
17:02 of 3rd period - Shot Blocked by Ryan O'Reilly.
17:04 of 3rd period - Slapshot by Karl Alzner.
17:04 of 3rd period - Stopped by Petr Mrazek with a rebound.
17:06 of 3rd period - Snap shot by Corey Perry.
17:06 of 3rd period - Stopped by Petr Mrazek without a rebound.
17:07 of 3rd period - Brandon Dubinsky wins face-off versus Matt Duchene in Panthers zone.
17:16 of 3rd period - Nick Palmieri is hit by Alex Galchenyuk and loses puck.
17:33 of 3rd period - Erik Gudbranson is hit by Corey Perry and loses puck.
17:58 of 3rd period - Slapshot by Jake Gardiner.
17:58 of 3rd period - Deflect By Tyler Cuma.
17:58 of 3rd period - Stopped by Ryan Miller without a rebound.
17:59 of 3rd period - Boone Jenner wins face-off versus Ryan O'Reilly in Sharks zone.
18:06 of 3rd period - Snap shot by Zach Boychuk.
18:06 of 3rd period - Stopped by Petr Mrazek with a rebound.
18:08 of 3rd period - Wrist shot by Zach Boychuk.
18:08 of 3rd period - Shot Misses the Net.
18:42 of 3rd period - Snap shot by Ryan O'Reilly.
18:42 of 3rd period - Stopped by Ryan Miller with a rebound.
18:44 of 3rd period - Backhand shot by Ryan O'Reilly.
18:44 of 3rd period - Stopped by Ryan Miller without a rebound.
18:45 of 3rd period - Max Reinhart wins face-off versus Gilbert Brule in Sharks zone.
18:57 of 3rd period - Snap shot by Gilbert Brule.
18:57 of 3rd period - Stopped by Petr Mrazek without a rebound.
18:58 of 3rd period - Gilbert Brule wins face-off versus Max Reinhart in Panthers zone.
19:13 of 3rd period - Snap shot by Nail Yakupov.
19:13 of 3rd period - Stopped by Ryan Miller without a rebound.
19:14 of 3rd period - Ryan O'Reilly wins face-off versus Gilbert Brule in Sharks zone.
Goals for this period are 2 for Panthers vs 1 for Sharks.
Shots for this period are 17 for Panthers vs 7 for Sharks.